 Dungeon Crawl Stone Soup version 0.26-a0-651-gb41185065b (webtiles) character file.

Game seed: 17746352879161931765

25 Flugslaktarn the Covered (level 2, 0/28 HPs)
             Began as a Deep Dwarf Fighter on Oct 8, 2020.
             Slain by a gnoll
             ... wielding a +0 spear
              (6 damage)
             ... on level 2 of the Dungeon.
             The game lasted 00:00:10 (157 turns).

Flugslaktarn the Covered (Deep Dwarf Fighter)        Turns: 157, Time: 00:00:11

Health: 0/28       AC:  6    Str: 19    XL:     2   Next: 86%
Magic:  2/2        EV:  7    Int:  8    God:
Gold:   7          SH:  9    Dex: 12    Spells: 1/1 levels left

rFire    . . .     SeeInvis .   a - +0 war axe
rCold    . . .     Faith    .   c - +0 kite shield
rNeg     . . .     Spirit   .   b - +0 scale mail
rPois    .         Reflect  .   (no helmet)
rElec    .         Harm     .   (no cloak)
rCorr    .         Rampage  .   (no gloves)
MR       .....     Rnd*Tele +   (no boots)
Stlth    ..........             (no amulet)
HPRegen  0.00/turn              e - ring of teleportation (curse)
MPRegen  0.08/turn              (no ring)

@: non-regenerating
A: damage resistance, heal wounds, sense surroundings 1, no regeneration
a: Heal Wounds


You were on level 2 of the Dungeon.
You visited 1 branch of the dungeon, and saw 2 of its levels.

You collected 7 gold pieces.

Inventory:

Hand Weapons
 a - a +0 war axe (weapon)
Armour
 b - a +0 scale mail (worn)
 c - a +0 kite shield (worn)
Jewellery
 e - a cursed ring of teleportation (left hand)
   (You found it on level 1 of the Dungeon)
Scrolls
 f - a scroll of random uselessness {unknown}
Potions
 d - a potion of might


   Skills:
 * Level 3.1 Fighting
 * Level 2.8 Axes
 + Level 3.5 Armour
 + Level 3.5 Shields


You had one spell level left.
You didn't know any spells.
Your spell library was empty.

Dungeon Overview and Level Annotations

Branches:
Dungeon (2/15)

Altars:


Innate Abilities, Weirdness & Mutations

You are resistant to damage.
You can heal yourself by infusing magical energy.
You passively map a small area around you.
You do not regenerate.


Message History

You barely miss the gnoll. The gnoll hits you but does no damage.
You block the gnoll's attack. The gnoll barely misses you.
You block the gnoll's attack.
You hit the gnoll.
The gnoll is heavily wounded.
You closely miss the gnoll. You block the gnoll's attack. x3
The gnoll hits you with a +0 spear.
You hit the gnoll.
The gnoll is severely wounded.
You hit the gnoll but do no damage.
The gnoll hits you from afar with a +0 spear.
The gnoll hits you but does no damage. The gnoll hits you with a +0 spear.
The gnoll hits you but does no damage. The gnoll barely misses you.
You hit the gnoll.
The gnoll is almost dead.
You hit the gnoll. You block the gnoll's attack. x2
The gnoll hits you with a +0 whip!
* * * LOW HITPOINT WARNING * * *
The gnoll hits you with a +0 spear!
You die...

, , , , , * , * *
* * #. ###### #.
###....# #..
,......#* , ,
##.#####....##...
#........g.......
,
#...#..#..#.##...
#...#..#g@#.##,
#.........g..+ ,
##..†....##.## ,
, * #.##.......#
, #.##.......# ,
** , #.##.....###
, ####.##..#
#.##..# #.##..#


You could see 3 gnolls.

Vanquished Creatures
  A gnoll (D:2)
  An adder (D:2)
  A dart slug (D:2)
  A kobold (D:1)
  4 rats (D:1)
8 creatures vanquished.

Notes
Turn   | Place    | Note
-------+----------+-------------------------------------------
     0 | D:1      | Flugslaktarn the Deep Dwarf Fighter began the quest for the
                  | Orb.
     0 | D:1      | Reached XP level 1. HP: 20/20 MP: 1/1
   127 | D:2      | Reached XP level 2. HP: 25/27 MP: 2/2
   157 | D:2      | Slain by a gnoll

Illustrated notes

Levels and vault maps discovered:
D:1:      saegor_arrival_simple_c, layout_loops_ring, minivault_14
D:2:      layout_basic, serial_park_tiny_2, uniq_robin, uniq_natasha

Skill      XL: |  1  2 |
---------------+-------+-----
Fighting       | 3 |  3.1
Axes           | |  2.8
Armour         | |  3.5
Shields        | |  3.5

Action                   || total
-------------------------++-------
Melee: War axe           ||    24
 Abil: Heal Wounds       ||     1
Armor: Scale mail        ||    10
Dodge: Dodged            ||    10
Block: Kite shield       ||    21

Table legend: (Time is in decaauts)
 A = Elapsed time spent in this place.
 B = Non-inter-level travel time spent in this place.
 C = Inter-level travel time spent in this place.
 D = Time resting spent in this place.
 E = Time spent auto-exploring this place.
 F = Levels seen in this place.
 G = Mean time per level.
                   A        B        C        D        E       F      G
               +--------+--------+--------+--------+--------+-----+--------+
         Total |    167 |    146 |     21 |      0 |     77 |   2 |   83.5 |
       Dungeon |    167 |    146 |     21 |      0 |     77 |   2 |   83.5 |
               +--------+--------+--------+--------+--------+-----+--------+

Top non-repeatable levels by time:
     D:1: 110 daAuts
     D:2: 56 daAuts
